 Dungeon Crawl Stone Soup version 0.18-a0-1372-gd644665 (webtiles) character file.

553 M4edhros the Covert (level 7, -1/46 HPs)
             Began as an Octopode Monk on Feb 21, 2016.
             Was a Follower of Zin.
             Slain by a water moccasin (8 damage)
             ... on level 6 of the Dungeon.
             The game lasted 00:04:03 (3175 turns).

M4edhros the Covert (Octopode Monk)                 Turns: 3175, Time: 00:04:04

Health: -1/46      AC:  2    Str: 12    XL:     7   Next: 29%
Magic:  5/7        EV: 10    Int: 11    God:    Zin [*.....]
Gold:   230        SH:  7    Dex: 17    Spells: 0 memorised, 6 levels left

rFire  + . .     SeeInvis .       - Unarmed
rCold  . . .     Gourm    .     v - +0 shield
rNeg   . . .     Faith    .     (helmet restricted)
rPois  ∞         Spirit   .     (no amulet)
rElec  .         Dismiss  .     i - ring of protection from fire
rCorr  .         Reflect  .     (no ring)
SustAt .         Harm     .     (no ring)
MR     .....     Clarity  +     (no ring)
Stlth  +++++.....               (no ring)
                                (no ring)
                                (no ring)
                                (no ring)

@: vitalised, not resistant to hostile enchantments, quite stealthy
A: almost no armour, amphibious, 8 rings, constrict 8, camouflage 1, clarity,
dopey 1, shaggy fur 1, gelatinous body 1
a: Recite, Donate Gold, Renounce Religion


You were on level 6 of the Dungeon.
You worshipped Zin.
Zin was aware of your devotion.
You were not hungry.

You visited 2 branches of the dungeon, and saw 7 of its levels.

You collected 255 gold pieces.
You donated 25 gold pieces to Zin.

Inventory:

Hand Weapons
 q - a +0 hunting sling
Missiles
 r - 84 stones (quivered)
Armour
 b - a +0 buckler
 v - a +0 shield (worn)
Jewellery
 i - a ring of protection from fire (left tentacle)
Wands
 m - a wand of slowing (29/48)
Scrolls
 c - 2 scrolls of blinking {unknown}
 e - 2 scrolls of amnesia {unknown}
 f - a scroll of random uselessness {unknown}
 g - 3 scrolls of identify {unknown}
 h - 3 scrolls of noise {unknown}
 k - a scroll of teleportation {unknown}
 p - 3 scrolls of magic mapping {unknown}
 s - a scroll of remove curse {unknown}
Potions
 j - a potion of flight
 n - a potion of curing
 o - a potion of lignification
 w - a potion of magic
Comestibles
 a - 3 bread rations
 d - 2 beef jerkies
 l - 3 meat rations
 t - 3 fruits
 u - a royal jelly


   Skills:
 - Level 3.0 Fighting
 - Level 3.0 Dodging
 + Level 8.0 Stealth
 + Level 6.7 Unarmed Combat


You had 6 spell levels left.
You didn't know any spells.

Dungeon Overview and Level Annotations

Branches:
Dungeon (6/15)             Temple (1/1) D:4

Altars:
Ashenzari
Cheibriados
Dithmenos
Gozag
Nemelex Xobeh
Okawaru
Pakellas
Qazlal
Ru
Sif Muna
Trog
Xom
Yredelemnul
Zin
The Shining One


Innate Abilities, Weirdness & Mutations

You cannot wear most types of armour.
You are amphibious.
You can wear up to eight rings at the same time.
You can use your tentacles to constrict eight enemies at once.
Your skin changes colour to match your surroundings (Stealth).
Your rubbery body absorbs attacks (AC +1).
You possess an exceptional clarity of mind.
You are dopey. (Int -2)
You are covered in fur (AC +1).


Message History

The water moccasin bites you!
There is a stone staircase leading up here.
You miss the water moccasin. Your grab misses the water moccasin.
The water moccasin bites you!
* * * LOW HITPOINT WARNING * * *
The water moccasin misses you.
Drink which item? (? for menu, Esc to quit)
You feel better. You block the water moccasin's attack.
Okay, then.
Zin grants you divine stamina.
You can no longer call upon Zin for vitalisation.
The water moccasin bites you!
* * * LOW HITPOINT WARNING * * *
You closely miss the water moccasin. You grab the water moccasin.
You squeeze the water moccasin.
The water moccasin is moderately wounded.
You constrict the water moccasin. The water moccasin bites you.
* * * LOW HITPOINT WARNING * * *
The water moccasin bites you!
You die...

.#. #.# #.#
#.# #.#
####.# #..).#
##.#.#.#####
.......oS@..#
###.#.#.###.#
#...## # ##.#
#. #


You could see a water moccasin and an orc.

Vanquished Creatures
  Sigmund (D:2)
  A scorpion (D:6)
  The ghost of M4edhros the Insei, a weakling OpMo (D:4)
  An orc priest (D:6)
  Ijyb (D:3)
  Terence (D:2)
  A worker ant (D:5)
  A hound skeleton (D:4)
  Robin (D:2)
  A worker ant zombie (D:4)
  7 adders
  An ooze (D:2)
  4 giant geckos
  4 orcs
  7 bats
  3 giant cockroaches
  19 goblins
  10 hobgoblins
  7 jackals
  3 quokkas
  A ball python (D:3)
  9 giant newts
  9 kobolds
  8 rats
102 creatures vanquished.

Notes
Turn   | Place    | Note
--------------------------------------------------------------
     0 | D:1      | M4edhros the Octopode Monk began the quest for the Orb.
     0 | D:1      | Reached XP level 1. HP: 16/16 MP: 1/1
    99 | D:1      | Reached XP level 2. HP: 17/21 MP: 2/2
   368 | D:1      | Reached XP level 3. HP: 26/26 MP: 3/3
   639 | D:2      | Noticed Robin
   657 | D:2      | Gained mutation: You are covered in fur (AC +1). [potion of mutation]
   657 | D:2      | Gained mutation: You possess an exceptional clarity of mind. [potion of mutation]
   657 | D:2      | Gained mutation: You are dopey. (Int -2) [potion of mutation]
   670 | D:2      | Reached XP level 4. HP: 15/31 MP: 4/4
   679 | D:2      | Killed Robin
   974 | D:2      | Noticed Sigmund
   989 | D:2      | Killed Sigmund
   989 | D:2      | Reached skill level 6 in Stealth
   989 | D:2      | Reached skill level 5 in Unarmed Combat
   989 | D:2      | Reached XP level 5. HP: 26/36 MP: 5/5
   989 | D:2      | Reached XP level 6. HP: 30/42 MP: 6/6
  1012 | D:2      | Found a glowing golden altar of the Shining One.
  1013 | D:2      | Found a shadowy altar of Dithmenos.
  1128 | D:2      | Noticed Terence
  1135 | D:2      | Killed Terence
  1432 | D:3      | Found a faded altar to an unknown god.
  1483 | D:3      | Became a worshipper of Xom of Chaos
  1767 | D:3      | Noticed Ijyb
  1787 | D:3      | Killed Ijyb
  1787 | D:3      | Reached skill level 7 in Stealth
  2069 | D:4      | Noticed M4edhros's ghost (weakling OpMo)
  2079 | D:4      | Killed M4edhros's ghost
  2193 | D:4      | Found a staircase to the Ecumenical Temple.
  2301 | D:4      | XOM: scenery: 1 doors close
  2311 | Temple   | Entered the Ecumenical Temple
  2500 | Temple   | Fell from the grace of Xom
  2500 | Temple   | Became a worshipper of Zin the Law-Giver
  2500 | Temple   | Reached * piety under Zin
  2724 | D:4      | XOM: mild Tloc miscast
  2811 | D:4      | Reached XP level 7. HP: 44/46 MP: 7/7
  2816 | D:4      | XOM: give mutations
  2816 | D:4      | Gained mutation: Scrolls take you a little longer to read. [Xom's mischief]
  2816 | D:4      | Lost mutation: Scrolls take you a little longer to read. [Xom's mischief]
  2953 | D:5      | Entered Level 5 of the Dungeon
  2969 | D:5      | Reached ** piety under Zin
  3168 | D:6      | Reached skill level 8 in Stealth
  3175 | D:6      | Slain by a water moccasin

Vault maps used:
D:1:      scummos_arrival_forest, minmay_newt_pond
D:2:      minitemple, uniq_robin, uniq_sigmund, uniq_terence
D:3:      kennysheep_the_goblin_king, ecumenical_altar_1, first_bread,
          serial_glass, glass_columns_b, glass_columns_a, glass_columns_b,
          glass_columns_a, glass_columns_c, glass_columns_c,
          minmay_misc_feat_square
D:4:      minmay_temple_entry_enclosed_plants, small_statue_intersection
Temple:   nicolae_temple_figure_eight

Action                   |  1- 3 |  4- 6 |  7- 9 || total
-------------------------+-------+-------+-------++-------
Melee: Unarmed           |    78 |   109 |    19 ||   206
Invok: Vitalisation      |       |       |     1 ||     1
  Use: Potion            |     5 |     1 |     3 ||     9
 Stab: Sleeping          |     6 |    15 |     4 ||    25
       Distracted        |       |     1 |     1 ||     2
  Eat: Chunk             |       |     3 |       ||     3
       Meat ration       |       |     1 |       ||     1
